CRL
ROCKY MOUNT LEAFS @ WINSTON-SALEM SPIRITS
07/14/1982
 
TOP OF THE 1ST
Rocky Mount Leafs batting - Pitching for Burlington Senators : RHP Erik Hendricks
Pitching: RHP Erik Hendricks
Batting: RHB James Camacho 0-0: Called Strike
0-1: Ball
1-1: Fly out, F7 (Flyball, 78S, EV 80.6 MPH)
Batting: RHB Emilio Perez 0-0: Called Strike
0-1: Ground out 5-3 (Groundball, 56, EV 91.9 MPH)
Batting: RHB Rusty Tillman 0-0: Foul Ball, location: 2F
0-1: Ball
1-1: Foul Ball, location: 2F
1-2: Ground out 1-3 (Groundball, 15S, EV 68.1 MPH)
Top of the 1st over - 0 runs, 0 hits, 0 errors, 0 left on base; Rocky Mount 0 - Burlington 0
BOTTOM OF THE 1ST
Burlington Senators batting - Pitching for Rocky Mount Leafs : LHP Sidney van den Bulk
Pitching: LHP Sidney van den Bulk
Batting: RHB Henry Cotto 0-0: Bunted foul
0-1: Ball
1-1: Foul Ball, location: 2F
1-2: Foul Ball, location: 2F
1-2: SINGLE (Line Drive, 8LS, EV 99.4 MPH)
Batting: SHB Allan Wilkerson 0-0: Called Strike
0-1: Ball
1-1: Ball
2-1: Fielders Choice at 2nd, 3-6 (Groundball, 34, EV 88.8 MPH)
Batting: RHB Mike Brewer 0-0: Ball
1-0: Swinging Strike
1-1: Foul Ball, location: 2F
1-2: Strikes out swinging
Batting: LHB Mike Kingery 0-0: Ball
Allan Wilkerson is caught stealing 2nd base 2-6
Bottom of the 1st over - 0 runs, 1 hit, 0 errors, 0 left on base; Rocky Mount 0 - Burlington 0
TOP OF THE 2ND
Rocky Mount Leafs batting - Pitching for Burlington Senators : RHP Erik Hendricks
Batting: RHB Jerry Lomastro 0-0: Called Strike
0-1: Swinging Strike
0-2: Ground out 6-3 (Groundball, 6, EV 85.6 MPH)
Batting: SHB Michael Rogers 0-0: Foul Ball, location: 2F
0-1: Called Strike
0-2: Strikes out swinging
Batting: RHB Joe Maddon 0-0: Ball
1-0: Ball
2-0: Called Strike
2-1: Foul Ball, location: 2F
2-2: Foul Ball, location: 2F
2-2: Ball
3-2: Base on Balls
Batting: LHB Don Pisker 0-0: Called Strike
0-1: Swinging Strike
0-2: Foul Ball, location: 2F
0-2: Strikes out swinging
Top of the 2nd over - 0 runs, 0 hits, 0 errors, 1 left on base; Rocky Mount 0 - Burlington 0
BOTTOM OF THE 2ND
Burlington Senators batting - Pitching for Rocky Mount Leafs : LHP Sidney van den Bulk
Batting: LHB Mike Kingery 0-0: Ball
1-0: Called Strike
1-1: Swinging Strike
1-2: Ball
2-2: Ball
3-2: Base on Balls
Batting: RHB Joel Skinner 0-0: Hit by Pitch
Mike Kingery to second
Batting: LHB John Skorochocki 0-0: Called Strike
0-1: Ball
1-1: Foul Ball, location: 2F
1-2: Strikes out looking
Batting: RHB Pat Dempsey 0-0: Foul Ball, location: 2F
0-1: Grounds into double play, 5-4-3 (Groundball, 5, EV 106.9 MPH)
Bottom of the 2nd over - 0 runs, 0 hits, 0 errors, 1 left on base; Rocky Mount 0 - Burlington 0
TOP OF THE 3RD
Rocky Mount Leafs batting - Pitching for Burlington Senators : RHP Erik Hendricks
Batting: RHB Julio Beltran 0-0: SINGLE (Flyball, 7S, EV 90.6 MPH)
Batting: LHB Federico Rapalo 0-0: Ball
1-0: Fly out, F8 (Line Drive, 8RD, EV 86.9 MPH)
Batting: RHB James Camacho 0-0: Ball
1-0: Ball
2-0: Ball
3-0: Base on Balls
Julio Beltran to second
Batting: RHB Emilio Perez 0-0: Fly out, F4 (Popup, 4M, EV 70.6 MPH)
Batting: RHB Rusty Tillman 0-0: Called Strike
0-1: Ball
1-1: Foul Ball, location: 2F
1-2: Ball
2-2: Foul Ball, location: 2F
2-2: Strikes out looking
Top of the 3rd over - 0 runs, 1 hit, 0 errors, 2 left on base; Rocky Mount 0 - Burlington 0
BOTTOM OF THE 3RD
Burlington Senators batting - Pitching for Rocky Mount Leafs : LHP Sidney van den Bulk
Batting: SHB Felipe Gracia 0-0: Bunted foul
0-1: Foul Ball, location: 2F
0-2: Ball
1-2: Ball
2-2: Strikes out swinging
Batting: RHB Hector Ordonez 0-0: Ball
1-0: Ball
2-0: DOUBLE (Line Drive, 7LS, EV 94.4 MPH)
Batting: RHB Henry Cotto 0-0: Foul Ball, location: 2F
0-1: Called Strike
0-2: Foul Ball, location: 2F
0-2: Ball
1-2: Ball
2-2: Strikes out swinging
Batting: SHB Allan Wilkerson 0-0: Ball
1-0: Ball
2-0: Foul Ball, location: 2F
2-1: Foul Ball, location: 2F
2-2: SINGLE (Line Drive, 8RS, EV 98.1 MPH)
Hector Ordonez to third
Runner from 3rd tries for Home, SAFE, no throw by CF
Batting: RHB Mike Brewer 0-0: Ball
1-0: Foul Ball, location: 2F
1-1: Foul Ball, location: 2F
1-2: Ball
2-2: Ball
3-2: Base on Balls
Allan Wilkerson to second
Batting: LHB Mike Kingery 0-0: Swinging Strike
0-1: Ball
1-1: Foul Ball, location: 2F
1-2: Strikes out looking
Bottom of the 3rd over - 1 run, 2 hits, 0 errors, 2 left on base; Rocky Mount 0 - Burlington 1
TOP OF THE 4TH
Rocky Mount Leafs batting - Pitching for Burlington Senators : RHP Erik Hendricks
Batting: RHB Jerry Lomastro 0-0: Called Strike
0-1: Ball
1-1: Called Strike
1-2: Ball
2-2: Ball
3-2: Foul Ball, location: 2F
3-2: Foul Ball, location: 2F
3-2: SINGLE (Groundball, 56D, EV 100.6 MPH)
Batting: SHB Michael Rogers 0-0: Called Strike
0-1: Ball
1-1: Fly out, F5 (Popup, 56S, EV 73.8 MPH)
Batting: RHB Joe Maddon 0-0: Fly out, F9 (Flyball, 9D, EV 87.5 MPH)
Batting: LHB Don Pisker 0-0: Foul Ball, location: 2F
0-1: SINGLE (Line Drive, 78S, EV 91.9 MPH)
Jerry Lomastro to second
Batting: RHB Julio Beltran 0-0: Ball
1-0: Ball
2-0: Fielders Choice at 2nd, U4 (Groundball, 4M, EV 82.5 MPH)
Top of the 4th over - 0 runs, 2 hits, 0 errors, 2 left on base; Rocky Mount 0 - Burlington 1
BOTTOM OF THE 4TH
Burlington Senators batting - Pitching for Rocky Mount Leafs : LHP Sidney van den Bulk
Batting: RHB Joel Skinner 0-0: Fly out, F9 (Flyball, 9, EV 78.1 MPH)
Batting: LHB John Skorochocki 0-0: Ground out 2-3 (Groundball, 15S, EV 73.8 MPH)
Batting: RHB Pat Dempsey 0-0: Called Strike
0-1: Foul Ball, location: 2F
0-2: Foul Ball, location: 2F
0-2: Ball
1-2: Foul Ball, location: 2F
1-2: Ball
2-2: Ball
3-2: Base on Balls
Batting: SHB Felipe Gracia 0-0: Ball
1-0: Ball
2-0: Fly out, F8 (Flyball, 8RM, EV 87.5 MPH)
Bottom of the 4th over - 0 runs, 0 hits, 0 errors, 1 left on base; Rocky Mount 0 - Burlington 1
TOP OF THE 5TH
Rocky Mount Leafs batting - Pitching for Burlington Senators : RHP Erik Hendricks
Batting: LHB Federico Rapalo 0-0: Ball
1-0: Ball
2-0: Called Strike
2-1: Fly out, F9 (Line Drive, 9, EV 87.5 MPH)
Batting: RHB James Camacho 0-0: Ball
1-0: Ball
2-0: Ball
3-0: Base on Balls
Batting: RHB Emilio Perez 0-0: Ball
1-0: Ground out 5-3 (Groundball, 25, EV 66.3 MPH)
James Camacho to second
Batting: RHB Rusty Tillman 0-0: Swinging Strike
0-1: Ground out 6-3 (Groundball, 6, EV 109.4 MPH)
Top of the 5th over - 0 runs, 0 hits, 0 errors, 1 left on base; Rocky Mount 0 - Burlington 1
BOTTOM OF THE 5TH
Burlington Senators batting - Pitching for Rocky Mount Leafs : LHP Sidney van den Bulk
Batting: RHB Hector Ordonez 0-0: Called Strike
0-1: Ball
1-1: Called Strike
1-2: DOUBLE (Flyball, 89D, EV 100.6 MPH)
Batting: RHB Henry Cotto 0-0: Ball
1-0: Called Strike
1-1: Ball
2-1: Ball
3-1: Called Strike
3-2: Ground out 6-3 (Groundball, 6, EV 81.3 MPH)
Batting: SHB Allan Wilkerson 0-0: Foul Ball, location: 2F
0-1: Called Strike
0-2: Ball
1-2: Strikes out looking
Batting: RHB Mike Brewer 0-0: Called Strike
0-1: Ball
1-1: Ball
2-1: Swinging Strike
2-2: Ball
3-2: Strikes out swinging
Bottom of the 5th over - 0 runs, 1 hit, 0 errors, 1 left on base; Rocky Mount 0 - Burlington 1
TOP OF THE 6TH
Rocky Mount Leafs batting - Pitching for Burlington Senators : RHP Erik Hendricks
Batting: RHB Jerry Lomastro 0-0: Ball
1-0: Fly out, F2 (Popup, 2L, EV 91.9 MPH)
Batting: SHB Michael Rogers 0-0: Ball
1-0: Ball
2-0: Fly out, F1 (Line Drive, P, EV 64.4 MPH)
Batting: RHB Joe Maddon 0-0: Ball
1-0: Ball
2-0: Ball
3-0: Base on Balls
Batting: LHB Don Pisker 0-0: Ball
1-0: Called Strike
1-1: Fielders Choice at 2nd, 5-4 (Groundball, 56, EV 105.0 MPH)
Top of the 6th over - 0 runs, 0 hits, 0 errors, 1 left on base; Rocky Mount 0 - Burlington 1
BOTTOM OF THE 6TH
Burlington Senators batting - Pitching for Rocky Mount Leafs : LHP Sidney van den Bulk
Batting: LHB Mike Kingery 0-0: Foul Ball, location: 2F
0-1: Fly out, F8 (Flyball, 8RM, EV 81.3 MPH)
Batting: RHB Joel Skinner 0-0: Foul Ball, location: 2F
0-1: Ground out 5-3 (Groundball, 56S, EV 76.3 MPH)
Batting: LHB John Skorochocki 0-0: Ground out 4-3 (Groundball, 4, EV 90.0 MPH)
Bottom of the 6th over - 0 runs, 0 hits, 0 errors, 0 left on base; Rocky Mount 0 - Burlington 1
TOP OF THE 7TH
Rocky Mount Leafs batting - Pitching for Burlington Senators : RHP Erik Hendricks
Batting: RHB Julio Beltran 0-0: Foul Ball, location: 2F
0-1: Foul Ball, location: 2F
0-2: Ball
1-2: Ball
2-2: Ground out 6-3 (Groundball, 6M, EV 82.5 MPH)
Batting: LHB Federico Rapalo 0-0: Fly out, F7 (Flyball, 78M, EV 86.3 MPH)
Batting: RHB James Camacho 0-0: Ball
1-0: Foul Ball, location: 2F
1-1: Ball
2-1: Ball
3-1: Base on Balls
Batting: RHB Emilio Perez 0-0: Ball
1-0: Called Strike
1-1: Ground out 5-3 (Groundball, 56S, EV 88.1 MPH)
Top of the 7th over - 0 runs, 0 hits, 0 errors, 1 left on base; Rocky Mount 0 - Burlington 1
BOTTOM OF THE 7TH
Burlington Senators batting - Pitching for Rocky Mount Leafs : LHP Sidney van den Bulk
Batting: RHB Pat Dempsey 0-0: Called Strike
0-1: Ball
1-1: Fly out, F9 (Flyball, 9S, EV 80.0 MPH)
Batting: SHB Felipe Gracia 0-0: Ball
1-0: SINGLE (Groundball, 6D, EV 96.3 MPH)
Batting: RHB Hector Ordonez 0-0: Ball
1-0: Foul Ball, location: 2F
1-1: Swinging Strike
1-2: Foul Ball, location: 2F
1-2: Strikes out swinging
Batting: RHB Henry Cotto 0-0: Ball
1-0: Ball
2-0: Fly out, F8 (Flyball, 8RM, EV 96.3 MPH)
Bottom of the 7th over - 0 runs, 1 hit, 0 errors, 1 left on base; Rocky Mount 0 - Burlington 1
TOP OF THE 8TH
Rocky Mount Leafs batting - Pitching for Burlington Senators : RHP Erik Hendricks
Batting: RHB Rusty Tillman 0-0: Fly out, F8 (Flyball, 89XD, EV 95.6 MPH)
Batting: RHB Jerry Lomastro 0-0: Ball
1-0: Called Strike
1-1: Ball
2-1: Ground out 4-3 (Groundball, 4, EV 81.3 MPH)
Batting: SHB Michael Rogers 0-0: Ball
1-0: Foul Ball, location: 2F
1-1: Ball
2-1: Ball
3-1: Fly out, F8 (Flyball, 8RS, EV 85.0 MPH)
Top of the 8th over - 0 runs, 0 hits, 0 errors, 0 left on base; Rocky Mount 0 - Burlington 1
BOTTOM OF THE 8TH
Burlington Senators batting - Pitching for Rocky Mount Leafs : LHP Sidney van den Bulk
Batting: SHB Allan Wilkerson 0-0: Fly out, F1 (Line Drive, P, EV 76.9 MPH)
Batting: RHB Mike Brewer 0-0: Ball
1-0: Called Strike
1-1: SINGLE (Groundball, 56D, EV 111.3 MPH)
Batting: LHB Mike Kingery 0-0: Foul Ball, location: 2F
0-1: Ball
1-1: Foul Ball, location: 2F
1-2: Grounds into double play, 6-4-3 (Groundball, 6, EV 101.9 MPH)
Bottom of the 8th over - 0 runs, 1 hit, 0 errors, 0 left on base; Rocky Mount 0 - Burlington 1
TOP OF THE 9TH
Rocky Mount Leafs batting - Pitching for Burlington Senators : RHP Erik Hendricks
Now in RF: Daniel Spain
Pinch Hitting: SHB Mike D Young 0-0: Ball
1-0: Foul Ball, location: 2F
1-1: Ground out U3 (Groundball, 3, EV 105.0 MPH)
Batting: LHB Don Pisker 0-0: Ball
1-0: Ball
2-0: Foul Ball, location: 2F
2-1: SINGLE (Line Drive, 78S, EV 97.5 MPH)
Pinch Hitting: LHB John Brown 0-0: Ball
1-0: Foul Ball, location: 2F
1-1: Foul Ball, location: 2F
1-2: Ground out 3-1 (Groundball, 3, EV 98.1 MPH)
Don Pisker to second
Batting: LHB Federico Rapalo 0-0: Ball
1-0: Foul Ball, location: 2F
1-1: Fly out, F7 (Flyball, 7, EV 94.4 MPH)
Top of the 9th over - 0 runs, 1 hit, 0 errors, 1 left on base; Rocky Mount 0 - Burlington 1
Friday, August 14th, 2020 - OOTP Baseball 21.5 Build 76